 Dungeon Crawl Stone Soup version 0.19.5 (webtiles) character file.

23 tidbits the Conjurer (level 2, 3/18 HPs)
             Began as a High Elf Wanderer on Nov 6, 2017.
             Quit the game on level 3 of the Dungeon.
             The game lasted 00:06:27 (567 turns).

tidbits the Conjurer (High Elf Wanderer)             Turns: 567, Time: 00:06:28

Health: 3/18       AC:  2    Str:  8    XL:     2   Next: 75%
Magic:  1/6        EV: 11    Int: 15    God:
Gold:   29         SH:  0    Dex: 17    Spells: 3 memorised, 1 level left

rFire  . . .     SeeInvis .     c - bread ration
rCold  . . .     Gourm    .     B - +0 robe
rNeg   . . .     Faith    .     (no shield)
rPois  .         Spirit   .     (no helmet)
rElec  .         Reflect  .     (no cloak)
rCorr  .         Harm     .     (no gloves)
MR     .....                    (no boots)
Stlth  ++........               (no amulet)
                                (no ring)
                                (no ring)

@: flying
A: no striking features
a: no special abilities


You were on level 3 of the Dungeon.
You were not hungry.

You visited 1 branch of the dungeon, and saw 3 of its levels.

You collected 29 gold pieces.

Inventory:

Hand Weapons
 a - a +0 dagger
 g - a +0 mace
   (You took it off a kobold on level 1 of the Dungeon)
Missiles
 h - 14 arrows
 i - 53 stones (quivered)
 j - 22 sling bullets
 m - 6 tomahawks
Armour
 B - a +0 robe (worn)
Scrolls
 d - a scroll of fog
 l - a scroll of enchant armour {unknown}
 n - a scroll of remove curse {unknown}
Books
 b - Ownualomo's Tome of Sinister Secrets

   Spells                             Type                      Level
   a - Pain                           Necromancy                   1
   b - Regeneration                   Charms/Necromancy            3
 e - a book of Conjurations

   Spells                             Type                      Level
   a - Magic Dart                     Conjuration                  1
   b - Searing Ray                    Conjuration                  2
   c - Dazzling Spray                 Conjuration/Hexes            3
   d - Fulminant Prism                Conjuration/Hexes            4
   e - Iskenderun's Mystic Blast      Conjuration                  4
   f - Iskenderun's Battlesphere      Conjuration/Charms           5
 f - the Disquisition on the Compass

   Spells                             Type                      Level
   a - Apportation                    Translocation                1
   b - Recall                         Summoning/Translocation      3
Comestibles
 c - a bread ration (in hand)


   Skills:
 - Level 1.0 Fighting
 - Level 1.5 Maces & Flails
   Level 1.0 Shields
 + Level 2.2 Spellcasting
 + Level 3.1 Conjurations
 - Level 2.1 Translocations
   Level 1.0 Evocations


You had one spell level left.
You knew the following spells:

 Your Spells              Type           Power        Failure   Level  Hunger
a - Magic Dart            Conj           ##..         8%          1    #......
p - Apportation           Tloc           #.........   12%         1    #......
r - Searing Ray           Conj           ##....       12%         2    ###....


Dungeon Overview and Level Annotations

Branches:
Dungeon (3/15)

Altars:


Message History

You kill the rat!
You found a shaft!
There is a shaft here.
A giant cockroach comes into view.
A rat comes into view.
The helpless giant cockroach fails to defend itself.
You hit the giant cockroach.
You kill the giant cockroach!
Your Conjurations skill increases to level 3!
Unknown command.
Casting: Magic Dart
Confirm with . or Enter, or press ? or * to list all spells.
Aiming: Magic Dart
Press: ? - help, Shift-Dir - straight line, f - rat
Aim: a rat The magic dart hits the rat.
You kill the rat!
Found a stone staircase leading down.
You see here a giant cockroach corpse.
There is a stone staircase leading down here.
You climb downwards.
There is a stone staircase leading up here.
A jackal comes into view.
Casting: Magic Dart
Confirm with . or Enter, or press ? or * to list all spells.
Aiming: Magic Dart
Press: ? - help, Shift-Dir - straight line, f - jackal
Aim: a jackal (resting)
The magic dart hits the jackal.
The jackal is lightly wounded.
The jackal barks! 2 jackals come into view.
Casting: Magic Dart
Confirm with . or Enter, or press ? or * to list all spells.
Aiming: Magic Dart
Press: ? - help, Shift-Dir - straight line, f/p - jackal
Aim: a jackal The magic dart hits the jackal.
The jackal is heavily wounded.
The jackal bites you.
Casting: Magic Dart
Confirm with . or Enter, or press ? or * to list all spells.
Aiming: Magic Dart
Press: ? - help, Shift-Dir - straight line, f/p - jackal
Aim: a jackal (heavily wounded)
The magic dart hits the jackal.
The jackal is severely wounded.
The jackal bites you.
Casting: Magic Dart
Confirm with . or Enter, or press ? or * to list all spells.
Aiming: Magic Dart
Press: ? - help, Shift-Dir - straight line, f/p - jackal
Aim: a jackal (severely wounded)
The magic dart hits the jackal.
The jackal is severely wounded.
The jackal bites you.
Casting: Magic Dart
Confirm with . or Enter, or press ? or * to list all spells.
Aiming: Magic Dart
Press: ? - help, Shift-Dir - straight line, f/p - jackal
Aim: a jackal (severely wounded)
You miscast Magic Dart.
You are very lightly contaminated with residual magic.
Nothing appears to happen.
The jackal barely misses you. The jackal bites you.
You hit the jackal but do no damage.
The jackal is severely wounded.
The jackal bites you.
* * * LOW HITPOINT WARNING * * *
The jackal barely misses you. The jackal bites you.
* * * LOW HITPOINT WARNING * * *
The jackal barely misses you.
There is a stone staircase leading up here.
Casting: Magic Dart
Confirm with . or Enter, or press ? or * to list all spells.
Aiming: Magic Dart
Press: ? - help, Shift-Dir - straight line, f/p - jackal
Aim: a jackal (severely wounded)
The magic dart hits the jackal.
You kill the jackal!
Wield which item (- for none, * to show all)? (? for menu, Esc to quit)
c - a bread ration (in hand)
You swing at nothing.
Okay, then.
You swing at nothing.
You swing at nothing.
You swing at nothing.
You swing at nothing.
You swing at nothing.
You swing at nothing.
Your magical contamination has completely faded away.
The jackal barks!
An adder comes into view.
The jackal closely misses you. The jackal bites you.
* * * LOW HITPOINT WARNING * * *
It was a potion of flight.
You feel very buoyant.
You fly up into the air.
The jackal bites you.
* * * LOW HITPOINT WARNING * * *
Are you sure you want to abandon this character and quit the game? (Confirm with "yes".)

#.# #.# #.#
#.# ########.#
.........#
########.#
.###########.#
S.......@h<..#
##############


You could see a jackal.

Vanquished Creatures
  A worm (D:2)
  A dart slug (D:2)
  2 giant cockroaches
  3 hobgoblins (D:1)
  2 jackals
  3 kobolds
  2 frilled lizards (D:1)
  5 rats
19 creatures vanquished.

Notes
Turn   | Place    | Note
-------+----------+-------------------------------------------
     0 | D:1      | tidbits the High Elf Wanderer began the quest for the Orb.
     0 | D:1      | tidbits set off with: a book of Conjurations, Ownualomo's Tome of Sinister Secrets, the Disquisition on the Compass, a +0 robe, a +0 dagger, a bread ration
     0 | D:1      | Reached XP level 1. HP: 13/13 MP: 3/3
     0 | D:1      | Identified Ownualomo's Tome of Sinister Secrets
     0 | D:1      | Identified the Disquisition on the Compass
     2 | D:1      | Learned a level 1 spell: Magic Dart
     4 | D:1      | Learned a level 1 spell: Apportation
   243 | D:1      | Reached XP level 2. HP: 11/18 MP: 0/5
   247 | D:1      | Learned a level 2 spell: Searing Ray
   317 | D:1      | Reached skill level 2 in Spellcasting
   511 | D:2      | Reached skill level 3 in Conjurations
   567 | D:3      | Quit the game

Skill      XL: |  1  2 |
---------------+-------+-----
Spellcasting   | 2 |  2.2
Conjurations   | 3 |  3.1
Fighting       | |  1.0
Maces & Flails | |  1.5
Shields        | |  1.0
Translocations | |  2.1
Evocations     | |  1.0

Action                   || total
-------------------------++-------
Melee: Dagger            ||    14
 Cast: Magic Dart        ||    42
       Apportation       ||     1
       Searing Ray       ||     1
  Use: Scroll            ||     1
       Potion            ||     1
 Stab: Sleeping          ||     1
Armor: Robe              ||     1
Dodge: Dodged            ||    16

Table legend:
 A = Turns spent in this place as a percentage of turns spent in the entire game.
 B = Non-inter-level travel turns spent in this place as a percentage of non-inter-level travel turns spent in the entire game.
 C = Inter-level travel turns spent in this place as a percentage of turns spent in this place.
 D = Turns resting spent in this place as a percentage of non-inter-level travel turns spent in this place.
 E = Turns spent auto-exploring this place as a percentage of non-inter-level travel turns spent in this place.
 F = Non-inter-level travel turns spent in this place divided by the number of levels of this place that you've seen.
                   A       B       C       D       E      F
               +-------+-------+-------+-------+-------+----------------------
         Total | 100.0 | 100.0 |   0.0 |   0.0 |   0.0 | 193.3
       Dungeon | 100.0 | 100.0 |   0.0 |   0.0 |   0.0 | 193.3
               +-------+-------+-------+-------+-------+----------------------

Table legend:
 A = Kills in this place as a percentage of kills in entire the game.
 B = Kills by you in this place as a percentage of kills by you in the entire game.
 C = Kills by friends in this place as a percentage of kills by friends in the entire game.
 D = Other kills in this place as a percentage of other kills in the entire game.
 E = Experience gained in this place as a percentage of experience gained in the entire game.
 F = Experience gained in this place divided by the number of levels of this place that you have seen.
                   A       B       C       D       E      F
               +-------+-------+-------+-------+-------+----------------------
         Total | 100.0 | 100.0 |  -nan |  -nan | 100.0 |  11.3
       Dungeon | 100.0 | 100.0 |  -nan |  -nan | 100.0 |  11.3
               +-------+-------+-------+-------+-------+----------------------

Vault maps used:
D:1:      dpeg_arrival_morbid_curiosity
D:2:      nicolae_overflow_hidden_temple, chequers_temple_overflow_minitemple,
          amethyst_overflow_temple_binary, eat_drink_and_be_merry_uskayaw
